 Dungeon Crawl Stone Soup version 0.19.4-10-g532645f (webtiles) character file.

310 Lostpass the Skirmisher (level 6, 0/57 HPs)
             Began as a Hill Orc Chaos Knight on Feb 26, 2017.
             Slain by Grinder (3 damage)
             ... on level 4 of the Dungeon.
             The game lasted 00:43:53 (4262 turns).

Lostpass the Skirmisher (Hill Orc Chaos Knight)     Turns: 4262, Time: 00:43:54

Health: 0/57       AC:  8    Str: 17 (18) XL:     6   Next: 41%
Magic:  6/7        EV: 11    Int: 13      God:    Xom [....*.]
Gold:   141        SH:  0    Dex:  9 (10) Spells: 1 memorised, 6 levels left

rFire  . . .     SeeInvis +     a - +1 hand axe (chaos)
rCold  . . .     Gourm    .     b - +2 leather armour
rNeg   . . .     Faith    .     (no shield)
rPois  .         Spirit   .     (no helmet)
rElec  .         Reflect  .     y - +0 cloak
rCorr  .         Harm     .     (no gloves)
MR     .....                    n - +0 pair of boots
Stlth  +.........               (no amulet)
                                (no ring)
                                (no ring)

@: very slightly contaminated
A: hooves 1, see invisible, shaggy fur 1, strong 1
a: Renounce Religion


You were on level 4 of the Dungeon.
You worshipped Xom.
You were a beloved toy of Xom.
You were near starving.

You visited 2 branches of the dungeon, and saw 5 of its levels.

You collected 141 gold pieces.

Inventory:

Hand Weapons
 a - a +1 hand axe of chaos (weapon)
 g - a +0 dagger
 h - a cursed -1 short sword
 j - a +0 short sword
 m - a +1 short sword of venom
 s - a +0 mace
 x - a +4 quarterstaff of chaos
Missiles
 i - 8 exploding tomahawks
 l - 25 stones (quivered)
Armour
 b - a +2 leather armour (worn)
 n - a +0 pair of boots (worn)
 y - a +0 cloak (worn)
Scrolls
 d - a scroll of amnesia
 e - a scroll of fog
 f - 6 scrolls of identify
 k - 2 scrolls of enchant armour
 p - a scroll of remove curse
 v - a scroll of recharging
Potions
 q - 2 potions of magic
 w - a potion of cure mutation
Books
 t - a book of Misfortune

   Spells                             Type                      Level
   a - Confusing Touch                Hexes                        1
   b - Confuse                        Hexes                        3
   c - Gell's Gravitas                Hexes/Translocation          3
   d - Petrify                        Transmutation/Earth          4
   e - Metabolic Englaciation         Hexes/Ice                    5
   f - Yara's Violent Unravelling     Hexes/Transmutation          5
Comestibles
 c - 4 bread rations
 o - a slice of pizza


   Skills:
 + Level 5.7 Fighting
 + Level 5.7 Axes
 + Level 0.8 Throwing
 + Level 3.6 Armour
 + Level 1.4 Dodging
 + Level 1.1 Spellcasting
 + Level 0.2 Hexes


You had 6 spell levels left.
You knew the following spells:

 Your Spells              Type           Power        Failure   Level  Hunger
a - Confusing Touch       Hex            #.....       38%         1    ##.....


Dungeon Overview and Level Annotations

Branches:
Dungeon (4/15)             Temple (1/1) D:4

Altars:
Ashenzari
Fedhas
Hepliaklqana
Kikubaaqudgha
Makhleb
Nemelex Xobeh
Okawaru
Qazlal
Sif Muna
Trog
Uskayaw
Vehumet
Xom
Zin

Annotations:
D:4 Grinder, Natasha


Innate Abilities, Weirdness & Mutations

You have large cloven feet.
You have supernaturally acute eyesight. (SInv)
You are covered in fur. (AC +1)
Your muscles are strong. (Str +2)


Message History

* * * LOW HITPOINT WARNING * * *
You writhe in agony.
* * * LOW HITPOINT WARNING * * *
Grinder barely misses you.
You barely miss Grinder.
Grinder is severely wounded.
Grinder gestures at you. Pain shoots through your body!
* * * LOW HITPOINT WARNING * * *
Grinder hits you.
* * * LOW HITPOINT WARNING * * *
You writhe in agony.
* * * LOW HITPOINT WARNING * * *
Okay, then.
As you read the scroll labeled HAGGUT RUISEOPP, it crumbles to dust.
It is a scroll of enchant weapon.
Your +0 hand axe of chaos glows red for a moment.
Grinder hits you.
You die...
Xom chortles!

..................#.....
.........####8.>.8#.....
...#####'#..............
.. #.........#.8.#......
#....................
#....................
#...(................
#....5.#########.....
#...@..'.... +.....
#......#.... #.....
#...5..# . #.....
#......# #.)... #......#
#..... #......# #.....
#....[.# #..... #......#
+..... #.....


You could see Grinder and a crimson imp.

Vanquished Creatures
  The ghost of derval the Caller, a weakling TeSu (D:3)
  Crazy Yiuf (D:4)
  Jessica (D:2)
  Ijyb (D:3)
  2 worker ants
  Natasha (D:4)
  5 adders
  A worm (D:3)
  A dart slug (D:3)
  4 leopard geckos
  An orc (D:3)
  3 ball pythons (D:2)
  7 giant cockroaches
  5 goblins
  A goblin (shapeshifter) (D:2)
  12 hobgoblins
  A jackal (shapeshifter) (D:2)
  8 jackals
  2 quokkas
  7 bats
  8 frilled lizards
  12 kobolds
  A leopard gecko skeleton (D:4)
  9 rats
  A fungus (D:4)
96 creatures vanquished.

Vanquished Creatures (others)
  A goblin (D:3)
  A frilled lizard (D:3)
2 creatures vanquished.

Grand Total: 98 creatures vanquished

Notes
Turn   | Place    | Note
-------+----------+-------------------------------------------
     0 | D:1      | Lostpass the Hill Orc Chaos Knight began the quest for the Orb.
     0 | D:1      | Reached XP level 1. HP: 19/19 MP: 1/1
    56 | D:1      | XOM: silly message
   412 | D:1      | XOM: divination: detect creatures
   460 | D:1      | Reached XP level 2. HP: 26/27 MP: 2/2
   488 | D:1      | XOM: silly message
   522 | D:1      | XOM: divination: magic mapping
   724 | D:1      | XOM: cloud trail
   812 | D:1      | Reached skill level 1 in Dodging
   950 | D:1      | Reached XP level 3. HP: 29/34 MP: 3/3
  1592 | D:2      | XOM: cloud trail
  1627 | D:2      | Noticed Jessica
  1638 | D:2      | Killed Jessica
  1638 | D:2      | Reached skill level 5 in Fighting
  1638 | D:2      | Reached XP level 4. HP: 25/42 MP: 3/5
  2078 | D:2      | XOM: scenery: create altars
  2089 | D:2      | XOM: fog
  2102 | D:2      | Reached skill level 1 in Spellcasting
  2170 | D:2      | XOM: summons friendly crimson imp
  2192 | D:2      | XOM: divination: detect creatures
  2333 | D:2      | Gained mutation: You have supernaturally acute eyesight. (SInv) [mutagenic meat]
  2334 | D:2      | Gained mutation: You have large cloven feet. [mutagenic meat]
  2372 | D:2      | XOM: give mutations
  2372 | D:2      | Gained mutation: Your muscles are strong. (Str +2) [Xom's grace]
  2372 | D:2      | Gained mutation: You are covered in fur. (AC +1) [Xom's grace]
  2460 | D:2      | XOM: god gift: black potion {god gift}
  2599 | D:3      | XOM: severe Erth miscast
  2688 | D:3      | Reached XP level 5. HP: 46/48 MP: 6/6
  2706 | D:3      | XOM: polymorph hobgoblin -> quokka
  2753 | D:3      | Noticed derval's ghost (weakling TeSu)
  2756 | D:3      | XOM: destruction
  2766 | D:3      | Killed derval's ghost
  2984 | D:3      | XOM: cloud trail
  3046 | D:3      | Learned a level 1 spell: Confusing Touch
  3101 | D:3      | Noticed Ijyb
  3125 | D:3      | Killed Ijyb
  3213 | D:3      | Reached skill level 5 in Axes
  3231 | D:3      | XOM: potion effect (might)
  3236 | D:3      | XOM: smoke on damage
  3472 | D:3      | XOM: harmless Air miscast
  3655 | D:3      | XOM: medium Erth miscast
  3821 | D:4      | Reached XP level 6. HP: 50/56 MP: 4/7
  3851 | D:4      | Found a runed door.
  3855 | D:4      | Noticed Crazy Yiuf
  3867 | D:4      | Killed Crazy Yiuf
  4042 | D:4      | Found a staircase to the Ecumenical Temple.
  4073 | Temple   | Entered the Ecumenical Temple
  4178 | Temple   | XOM: cloud trail
  4203 | D:4      | Noticed Grinder
  4204 | D:4      | XOM: mild Ice miscast
  4205 | D:4      | XOM: potion effect (haste)
  4208 | D:4      | Noticed Natasha
  4227 | D:4      | Killed Natasha
  4238 | D:4      | Paralysed by Grinder for 5 turns
  4248 | D:4      | Paralysed by Grinder for 7 turns
  4252 | D:4      | Noticed Natasha
  4252 | D:4      | XOM: polymorph Grinder -> Grinder
  4262 | D:4      | Slain by Grinder

Skill      XL: |  1  2  3  4  5 |
---------------+----------------+-----
Fighting       | 4 5 |  5.7
Dodging        | 1 |  1.4
Spellcasting   | 1 |  1.1
Armour         | 3 |  3.6
Axes           | 5 |  5.7
Throwing       | |  0.8
Hexes          | |  0.2

Action                   |  1- 3 |  4- 6 || total
-------------------------+-------+-------++-------
Melee: Hand axe          |   115 |   207 ||   322
       Kick              |       |    11 ||    11
       Unarmed           |       |     6 ||     6
Throw: Stone             |     8 |     9 ||    17
 Cast: Confusing Touch   |       |     8 ||     8
  Use: Potion            |     4 |     2 ||     6
       Scroll            |     2 |     6 ||     8
 Stab: Confused          |       |     2 ||     2
  Eat: Chunk             |     2 |    10 ||    12
Armor: Leather armour    |    58 |    71 ||   129
Dodge: Dodged            |    65 |    98 ||   163
